 Dungeon Crawl Stone Soup version 0.17.0-28-g6e173f8 (webtiles) character file.

2821 septik the Grappler (level 9, -2/85 HPs)
             Began as a Troll Monk on Nov 27, 2015.
             Was a Priest of Elyvilon.
             Slain by an unseen horror (8 damage)
             ... on level 8 of the Dungeon.
             The game lasted 00:16:50 (5283 turns).

septik the Grappler (Troll Monk)                    Turns: 5283, Time: 00:16:50

Health: -2/85      AC:  6    Str: 21    XL:     9   Next: 45%
Magic:  8/11       EV: 10    Int:  6    God:    Elyvilon [***...]
Gold:   44         SH:  0    Dex: 15    Spells: 0 memorised, 8 levels left

rFire  . . .     SeeInvis .       - Unarmed
rCold  . . .     Clarity  .     a - +0 robe
rNeg   . . .     SustAt   .     (no shield)
rPois  .         Gourm    +     v - +0 hat
rElec  .         Spirit   .     z - +0 cloak
rCorr  .         Warding  .     (gloves unavailable)
rMut   .         Stasis   +     (boots unavailable)
MR     .....                    E - amulet of stasis (curse)
Stlth  ++........               (no ring)
                                n - ring of flight

@: protection, not resistant to hostile enchantments, unstealthy
A: unfitting armour, claws 3, fast metabolism 3, gourmand, regeneration 2,
shaggy fur 1, tough skin 2
a: Lesser Healing, Heal Other, Purification, Divine Protection, Renounce
Religion, Evoke Flight


You were on level 8 of the Dungeon.
You worshipped Elyvilon.
Elyvilon was most pleased with you.
You were completely stuffed.

You visited 1 branch of the dungeon, and saw 8 of its levels.

You collected 272 gold pieces.
You spent 228 gold pieces at shops.

Inventory:

Missiles
 c - 203 stones (quivered)
 k - 18 poisoned needles
Armour
 a - a +0 robe (worn)
 v - a +0 hat (worn)
 z - a +0 cloak (worn)
Magical Staves
 B - an uncursed staff of power
Jewellery
 j - an uncursed amulet of rage
 n - a ring of flight (left claw)
 y - an uncursed ring of fire
 E - a cursed amulet of stasis (around neck)
 H - an uncursed amulet of clarity
 I - a cursed amulet of inaccuracy {unknown}
Wands
 s - a wand of paralysis (6)
 u - a wand of lightning (5)
Scrolls
 d - 6 scrolls of remove curse {unknown}
 e - a scroll of random uselessness {unknown}
 g - 6 scrolls of identify {unknown}
 h - a scroll of amnesia {unknown}
 i - 2 scrolls of noise {unknown}
 l - a scroll of teleportation {unknown}
 x - a scroll of blinking {unknown}
 A - 2 scrolls of fog {unknown}
 J - a scroll of magic mapping {unknown}
Potions
 m - 2 potions of lignification {unknown}
 o - a potion of heal wounds
 r - 2 potions of magic {unknown}
 t - 3 potions of curing {unknown}
 w - a potion of poison {unknown}
 D - a potion of might {unknown}
 G - 2 potions of haste {unknown}
Books
 F - a book of Envenomations

   Spells                             Type                      Level
   a - Spider Form                    Transmutation/Poison         3
   b - Alistair's Intoxication        Transmutation/Poison         4
   c - Olgreb's Toxic Radiance        Poison                       4
   d - Poisonous Cloud                Conjuration/Poison/Air       6
Comestibles
 b - 6 bread rations
 f - 4 meat rations
 p - 7 beef jerkies
 q - 4 fruits
 C - a chunk of flesh


   Skills:
 + Level 4.4 Fighting
 + Level 3.6 Armour
 - Level 2.4 Dodging
 - Level 1.1 Stealth
 - Level 11.0 Unarmed Combat
 + Level 4.0 Invocations


You had 8 spell levels left.
You didn't know any spells.

Dungeon Overview and Level Annotations

Branches:
Dungeon (8/15)             Temple (0/1) D:6
   Lair: D:8-11

Altars:
Cheibriados
Elyvilon
Gozag
Sif Muna
Trog
Vehumet
Xom
Yredelemnul
The Shining One

Shops:
D:6 *

Annotations:
D:2 Sigmund, Terence


Innate Abilities, Weirdness & Mutations

You are too large for most types of armour.
You have claws for hands.
Your metabolism is lightning-fast.
You like to eat raw meat.
You heal very quickly.
You are covered in fur (AC +1).
You have very tough skin (AC +2).


Message History

The orc priest hits you with a trident.
* * * LOW HITPOINT WARNING * * *
You barely miss the orc priest.
The orc priest is heavily wounded.
Something hits you!
* * * LOW HITPOINT WARNING * * *
Drink which item? (? for menu, Esc to quit)
Okay, then.
You are healed.
You feel somewhat less full. Something hits you.
* * * LOW HITPOINT WARNING * * *
The orc priest closely misses you.
You are healed.
You feel somewhat less full. Something hits you!
* * * LOW HITPOINT WARNING * * *
The orc priest barely misses you.
You are healed.
You feel somewhat less full. Something hits you!
* * * LOW HITPOINT WARNING * * *
The orc priest closely misses you.
You beseech Elyvilon to protect your life.
Something hits you!
You die...

#...<.....'....
#.....#.........#....
+..$..#..########....
#.....#<.##..#.......
#.....#...#..#.......
#.....#...#.รท#.......
#.....#...#..#.......
####..o..######'#.......
.......@..........##'###
.......)..........+..#
..................#..#
..................####
....############......
.... #....... ...
#....... .. #.......
#.......


You could see an orc priest.

Vanquished Creatures
  Eustachio (D:6)
  6 ogres
  A phantom (D:5)
  2 sky beasts (D:7)
  2 orc warriors
  An ice beast (D:6)
  3 centaurs
  3 giant frogs (D:6)
  3 scorpions (D:5)
  3 crimson imps
  3 giant frog zombies
  4 hounds
  A jelly (D:7)
  5 orc priests
  4 orc wizards
  4 iguanas
  2 worker ants
  A killer bee zombie (D:5)
  A hound zombie (D:7)
  3 worker ant zombies (D:6)
  4 gnolls (D:7)
  2 adders
  4 shadow imps
  An ooze (D:7)
  An adder skeleton (D:4)
  A worm (D:5)
  5 giant geckos
  32 orcs
  6 giant cockroaches
  7 goblins
  3 hobgoblins (D:2)
  12 jackals
  2 quokkas
  8 bats
  A giant cockroach zombie (D:5)
  5 giant newts
  2 jackal skeletons
  3 kobolds
  3 rats (D:3)
155 creatures vanquished.

Notes
Turn   | Place    | Note
--------------------------------------------------------------
     0 | D:1      | septik the Troll Monk began the quest for the Orb.
     0 | D:1      | Reached XP level 1. HP: 22/22 MP: 0/0
   296 | D:1      | Reached XP level 2. HP: 29/29 MP: 1/1
   628 | D:2      | Noticed Terence
   728 | D:2      | Reached skill level 5 in Unarmed Combat
   736 | D:2      | Reached XP level 3. HP: 36/36 MP: 2/2
   808 | D:2      | Found a shimmering altar of Xom.
   853 | D:2      | Noticed Sigmund
   997 | D:3      | Reached XP level 4. HP: 28/44 MP: 3/3
  1192 | D:3      | Found a deep blue altar of Sif Muna.
  1613 | D:4      | Reached skill level 6 in Unarmed Combat
  1739 | D:4      | Noticed an ogre
  1769 | D:4      | Killed an ogre
  1769 | D:4      | Reached XP level 5. HP: 18/50 MP: 4/4
  1852 | D:4      | Found a snail-covered altar of Cheibriados.
  1852 | D:4      | Found a white marble altar of Elyvilon.
  1853 | D:4      | Found a basalt altar of Yredelemnul.
  2005 | D:4      | Reached skill level 7 in Unarmed Combat
  2031 | D:4      | Noticed an ogre
  2044 | D:4      | Killed an ogre
  2044 | D:4      | Reached XP level 6. HP: 17/59 MP: 5/5
  2261 | D:4      | Noticed an ogre
  2267 | D:4      | Killed an ogre
  2267 | D:4      | Reached skill level 8 in Unarmed Combat
  2428 | D:4      | Found a radiant altar of Vehumet.
  2563 | D:4      | Found a bloodstained altar of Trog.
  2665 | D:5      | Entered Level 5 of the Dungeon
  2764 | D:5      | Reached XP level 7. HP: 66/66 MP: 6/6
  2872 | D:5      | Reached skill level 9 in Unarmed Combat
  3060 | D:4      | Found a glowing golden altar of the Shining One.
  3079 | D:4      | Became a worshipper of Elyvilon the Healer
  3079 | D:4      | Reached * piety under Elyvilon
  3079 | D:4      | Reached ** piety under Elyvilon
  3278 | D:5      | Reached skill level 10 in Unarmed Combat
  3285 | D:5      | Reached XP level 8. HP: 40/74 MP: 7/7
  3752 | D:6      | Found Muist's Assorted Antiques.
  3755 | D:6      | Bought a tiny cabochon amulet for 120 gold pieces
  3755 | D:6      | Bought a cloak for 108 gold pieces
  3814 | D:6      | Reached skill level 11 in Unarmed Combat
  3834 | D:6      | Found a staircase to the Ecumenical Temple.
  4000 | D:6      | Reached skill level 1 in Armour
  4000 | D:6      | Reached skill level 1 in Invocations
  4090 | D:6      | Noticed Eustachio
  4099 | D:6      | Killed Eustachio
  4287 | D:7      | Reached XP level 9. HP: 81/83 MP: 9/9
  4552 | D:7      | Found an opulent altar of Gozag.
  5023 | D:7      | Reached *** piety under Elyvilon
  5279 | D:8      | HP: 4/85 [something (7)]
  5283 | D:8      | Slain by an unseen horror

Action                   |  1- 3 |  4- 6 |  7- 9 || total
-------------------------+-------+-------+-------++-------
Melee: Unarmed           |    80 |   108 |   274 ||   462
Throw: Stone             |     5 |    28 |     2 ||    35
Invok: Lesser Healing    |       |       |     3 ||     3
       Divine Protection |       |       |     1 ||     1
  Use: Potion            |     2 |       |       ||     2
 Stab: Sleeping          |     2 |     1 |     5 ||     8
  Eat: Chunk             |    12 |    15 |    27 ||    54
